 Dungeon Crawl Stone Soup version 0.31-a0-366-ga77b45bd9b (webtiles) character file.

Game seed: 5577597076144503881

24122 Essalna the Destroyer (level 13, 0/84 HPs)
             Began as a Tengu Fire Elementalist on July 28, 2023.
             Was an Elder of Vehumet.
             Slain by a wyvern (5 damage)
             ... on level 2 of the Lair of Beasts.
             The game lasted 00:37:31 (16466 turns).

Essalna the Destroyer (Tengu Fire Elementalist)    Turns: 16466, Time: 00:37:31

Health: 0/84       AC:  6    Str:  9    XL:     13   Next: 11%
Magic:  24/26      EV: 23    Int: 20    God:    Vehumet [****..]
Gold:   828        SH:  5    Dex: 15    Spells: 4/16 levels left

rFire   + . .        q - staff of fire
rCold   . . .        (no shield)
rNeg    . . .        v - +1 troll leather armour {Pargi}
rPois   .            (helmet restricted)
rElec   .            g - scarf {repulsion}
rCorr   .            (no gloves)
SInv    .            (boots unavailable)
Will    .....        I - amulet of reflection
Stlth   ++           f - ring of magical power
HPRegen 1.14/turn    m - +5 ring of evasion
MPRegen 0.20/turn

%: repel missiles, reflection
@: flying quickly and evasively, slowed, very slow
A: beak, talons 3, nimble flight
a: Renounce Religion


You were on level 2 of the Lair of Beasts.
You worshipped Vehumet.
Vehumet was greatly pleased with you.
You visited 4 branches of the dungeon, and saw 16 of its levels.
You also visited: Ossuary and Bailey.

You collected 828 gold pieces.

Inventory:

Hand Weapons
 d - a +1 dagger of venom
Armour
 a - a +0 robe
 g - a scarf of repulsion (worn)
 t - a +0 cloak
 v - a +1 troll leather armour (worn) {Pargi}
 y - a +1 robe of positive energy
 N - a +1 robe of resistance
Magical Staves
 n - a staff of cold
 q - a staff of fire (weapon)
 J - a staff of conjuration
Jewellery
 f - a ring of magical power (left hand)
 m - a +5 ring of evasion (right hand)
 H - an amulet of faith
 I - an amulet of reflection (around neck)
Wands
 C - a wand of flame (16)
 D - a wand of mindburst (7)
 E - a wand of acid (20)
 G - a wand of polymorph (11)
 O - a wand of iceblast (5)
Scrolls
 c - 4 scrolls of vulnerability
 e - 3 scrolls of enchant weapon
 l - 5 scrolls of fear
 s - 5 scrolls of teleportation
 w - a scroll of enchant armour
 F - a scroll of fog
 K - 2 scrolls of identify
 P - 2 scrolls of blinking
Potions
 b - 3 potions of magic
 h - 7 potions of enlightenment
 i - a potion of ambrosia
 j - 6 potions of curing
 k - 3 potions of might
 o - 4 potions of cancellation
 p - 4 potions of heal wounds
 r - 2 potions of brilliance
 u - 4 potions of haste
 x - a potion of mutation
 z - a potion of attraction
 A - 2 potions of invisibility {unknown}
Miscellaneous
 B - a lightning rod (4/4)


   Skills:
 + Level 11.5 Fighting
 - Level 7.0 Armour
 - Level 8.0 Dodging
 - Level 2.0 Stealth
 - Level 2.0 Spellcasting
 + Level 14.6 Conjurations
 + Level 12.8 Fire Magic


You had 4 spell levels left.
You knew the following spells:

 Your Spells              Type           Power      Damage    Failure   Level
a - Foxfire               Conj/Fire      100%       2x1d9     1%          1
b - Scorch                Fire           100%       2d9       1%          2
c - Flame Wave            Conj/Fire      71%        2d16      1%          4
d - Fireball              Conj/Fire      35%        3d15      1%          5

Your spell library contained the following spells:

 Spells                   Type           Power      Damage    Failure   Level
 Hailstorm                Conj/Ice       31%        3d8       1%          3
 Inner Flame              Hex/Fire       41%        N/A       1%          3
 Volatile Blastmotes      Fire/Tloc      82%        2d16      1%          3
 Sticky Flame             Conj/Fire      71%        2d8       1%          4
 Ignite Poison            Fire/Tmut/Pois 28%        N/A       3%          3
 Freeze                   Ice            8%         1d3       5%          1
 Frozen Ramparts          Ice            4%         1d1       16%         3
 Cigotuvi's Dreadful Rot  Necr/Pois/Air  4%         N/A       30%         2
 Leda's Liquefaction      Hex/Erth       1%         N/A       90%         4
 Freezing Cloud           Conj/Ice/Air   10%        6-21      21%         5
 Leda's Unmaking          Conj/Erth      15%        9d3       36%         6
 Lee's Rapid Deconstruct  Erth           1%         3d4*      78%         5


Dungeon Overview and Level Annotations

Branches:
Dungeon (12/15)            Temple (1/1) D:7            Lair (2/5) D:10
 Spider (0/4) Lair:2          Orc (1/2) D:11        Ossuary (visited)
 Bailey (visited)
  Swamp: Lair:2-3    Shoals: Lair:2-3

Altars:
Ashenzari
Cheibriados
Dithmenos
Fedhas
Gozag
Hepliaklqana
Kikubaaqudgha
Makhleb
Nemelex Xobeh
Okawaru
Qazlal
Sif Muna
Trog
Uskayaw
Vehumet
Wu Jian
Xom
Yredelemnul
Zin
The Shining One

Shops:
D:6 =   D:7 *

Annotations:
D:5 Sigmund
Lair:2 Gastronok
Orc:1 Aquy's ghost, journeyman MiFi; Cocipsimp's ghost, journeyman VSWn


Innate Abilities, Weirdness & Mutations

You have a beak for a mouth.
You have claws for feet.
Your magical nature lets you fly swiftly and evasively.


Message History

You feel better.
You see here a +0 robe.
There is a stone staircase leading up here.
Casting: Flame Wave (safe; 1% risk of failure)
Confirm with . or Enter, or press ? or * to list all spells.
You can't see any susceptible monsters within range! (Use Z to cast anyway.) Unknown command.
Unknown command.
Casting: Flame Wave (safe; 1% risk of failure)
Confirm with . or Enter, or press ? or * to list all spells.
Aiming: Fireball (dangerous; 1% risk of failure)
Press: ? - help, Shift-Dir - straight line, f - worm
Aim: a worm You feel a surge of power!
The fireball explodes!
The fireball engulfs the worm!!
You kill the worm!
Vehumet accepts your kill.
You feel your power returning.
The fireball engulfs the fungus!!
The fungus begins to die.
The fungus is lightly damaged.
Casting: Fireball (dangerous; 1% risk of failure)
Confirm with . or Enter, or press ? or * to list all spells.
You can't see any susceptible monsters within range! (Use Z to cast anyway.)
A wyvern comes into view.
A nearby fungus withers and dies.
A torpor snail comes into view.
Being near the torpor snail leaves you feeling lethargic.
You can't go up here!
You feel yourself speed up.
Being near the torpor snail leaves you feeling lethargic.
Gastronok mumbles some strange words.
There is a stone staircase leading up here.
The wyvern hisses angrily.
The wyvern bites you.
Gastronok waves his eye-stalks in wide circles.
The air twists around and strikes you!!
* * * LOW HITPOINT WARNING * * *
The wyvern hisses menacingly.
The wyvern bites you.
You die...

#..... #....####..# #...#.....
.....# #.....# ##.# #...#.....
#.####..##.....# #.# #....##.#.
...............####.####.........
...........^.<##.#.'#.##.........
......................†..........
.......................r.........
.................l[..†.w.........
................@..b.w...........
......................##...##....
...P..........P.#.#..###..####.w.
..##.#.#(......#.#(...#.#.# ..#
... ..##......##..##....... .##
..#. .. ..... .+. ......>.. ..
.....##. ...#.....# .. .... #..#


You could see Gastronok, a torpor snail, a wyvern, a bat (summoned, wandering)
and a rat (summoned).

Vanquished Creatures
  3 boulder beetles
  2 two-headed ogres (D:9)
  Pikel (D:5)
  A deep elf pyromancer (D:11)
  A manticore (D:12)
  An ugly thing (D:9)
  A cyclops (D:9)
  3 black mambas
  Joseph (Lair:1)
  A gargoyle (Bailey)
  An unseen horror (D:10)
  Maggie (Lair:1)
  3 cane toads
  A komodo dragon (shapeshifter) (D:9)
  2 komodo dragons
  An efreet (D:9)
  3 trolls
  A hornet (D:10)
  Prince Ribbit (D:9)
  Grinder (D:4)
  5 blink frogs (Lair:1)
  2 shadows
  3 wyverns
  2 basilisks
  A vampire (Bailey)
  4 wraiths
  24 yaks
  Eustachio (D:5)
  2 humans (D:7)
  6 vampire mosquitoes
  A steam dragon (D:9)
  2 wargs (D:11)
  2 acid dragons
  8 water moccasins
  2 ice beasts
  4 orc warriors
  Pargi (D:4)
  3 black bears
  3 ogres
  4 wolves (Lair:1)
  2 centaurs
  3 lemures (D:5)
  A phantom (D:6)
  Blork the orc (D:5)
  A kobold brigand (D:9)
  5 bullfrogs
  3 elf zombies
  A gnoll sergeant (D:8)
  An elf skeleton (D:5)
  4 scorpions
  6 wights
  6 killer bees (D:9)
  A howler monkey (D:5)
  7 vampire bats (Bailey)
  A centaur zombie (Ossuary)
  7 wolf zombies (Bailey)
  2 hounds
  3 jellies
  A human zombie (D:5)
  12 orc priests
  2 sleepcaps (D:5)
  3 human skeletons (D:5)
  6 iguanas
  14 orc wizards
  2 mummies (Ossuary)
  7 gnolls
  8 adders
  A shadow imp (D:7)
  2 white imps
  2 ufetubi
  An adder zombie (Ossuary)
  3 worms
  A dart slug (D:1)
  39 orcs
  9 ball pythons
  9 bats
  7 endoplasms
  6 giant cockroaches
  8 goblins
  A hobgoblin (D:1)
  6 jackals
  21 kobolds
  2 quokkas
  2 frilled lizards (D:2)
  2 goblin zombies (Ossuary)
  10 hobgoblin zombies (Ossuary)
  3 jackal zombies (Ossuary)
  10 kobold zombies (Ossuary)
  4 orc skeletons (D:5)
  29 orc zombies
  8 rats
  A rat zombie (Ossuary)
407 creatures vanquished.

Vanquished Creatures (others)
  1315 foxfires
1315 creatures vanquished.

Grand Total: 1722 creatures vanquished

Notes
Turn   | Place    | Note
-------+----------+-------------------------------------------
     0 | D:1      | Essalna the Tengu Fire Elementalist began the quest for the
                  | Orb.
     0 | D:1      | Reached XP level 1. HP: 10/10 MP: 4/4
    90 | D:1      | You fall into a shaft and drop 1 floor!
   169 | D:2      | Reached skill level 1 in Fighting
   169 | D:2      | Reached skill level 2 in Conjurations
   169 | D:2      | Reached XP level 2. HP: 16/16 MP: 1/6
   253 | D:2      | Identified the +6 glaive of Ashenzari's Approval {drain,
                  | Will+ Stlth+}
   294 | D:2      | Reached XP level 3. HP: 20/20 MP: 7/7
   998 | D:1      | Reached XP level 4. HP: 20/26 MP: 8/8
  1038 | D:1      | Reached skill level 3 in Conjurations
  2303 | D:3      | Learned a level 2 spell: Scorch
  2685 | D:3      | Found a shadowy altar of Dithmenos.
  2768 | D:4      | Gained mutation: Your magical nature lets you fly swiftly
                  | and evasively. [Tengu growth]
  2768 | D:4      | Reached XP level 5. HP: 20/31 MP: 9/9
  2852 | D:4      | Noticed Grinder
  2856 | D:4      | Paralysed by Grinder for 4 turns
  2860 | D:4      | Killed Grinder
  2861 | D:4      | Reached skill level 4 in Conjurations
  2861 | D:4      | Reached skill level 5 in Fire Magic
  2861 | D:4      | Reached XP level 6. HP: 37/37 MP: 10/10
  3257 | D:4      | Reached skill level 5 in Conjurations
  3507 | D:4      | Found a blossoming altar of Fedhas.
  3667 | D:4      | Noticed Pargi
  3678 | D:4      | Killed Pargi
  3679 | D:4      | Reached XP level 7. HP: 43/43 MP: 11/11
  4056 | D:5      | Entered Level 5 of the Dungeon
  4144 | D:5      | Reached skill level 1 in Armour
  4231 | D:5      | Reached skill level 6 in Conjurations
  4243 | D:5      | Noticed Blork the orc
  4247 | D:5      | Killed Blork the orc
  4247 | D:5      | Noticed a yak
  4248 | D:5      | Reached XP level 8. HP: 48/48 MP: 0/12
  4248 | D:5      | Noticed Sigmund
  4424 | D:5      | Noticed Pikel
  4488 | D:5      | Killed Pikel
  4489 | D:5      | Reached skill level 5 in Fighting
  4489 | D:5      | Reached skill level 7 in Conjurations
  4611 | D:5      | Reached XP level 9. HP: 47/54 MP: 3/13
  4680 | D:5      | Found a sand-covered staircase.
  4686 | Ossuary  | Entered an ossuary
  5683 | D:5      | Noticed Eustachio
  5707 | D:5      | Killed Eustachio
  5708 | D:5      | Reached skill level 5 in Dodging
  5788 | D:5      | Noticed a troll
  5798 | D:5      | Killed a troll
  5799 | D:5      | Reached skill level 8 in Conjurations
  6052 | D:5      | Found a hide-covered altar of Uskayaw.
  6265 | D:5      | Reached skill level 5 in Armour
  6741 | D:6      | Found an opulent altar of Gozag.
  6881 | D:6      | Found Jehojax's Jewellery Shop.
  7254 | D:6      | Reached XP level 10. HP: 61/61 MP: 14/14
  7467 | D:7      | Found a staircase to the Ecumenical Temple.
  7501 | D:7      | Reached skill level 9 in Conjurations
  7514 | Temple   | Entered the Ecumenical Temple
  7526 | Temple   | Became a worshipper of Vehumet
  7579 | D:7      | Found a flagged portal.
  7591 | Bailey   | Entered a bailey
  8379 | Bailey   | Noticed a gargoyle
  8394 | Bailey   | Killed a gargoyle
  8644 | Bailey   | Reached * piety under Vehumet
  8644 | Bailey   | Offered knowledge of Shock by Vehumet.
  8770 | Bailey   | Learned a level 4 spell: Flame Wave
  9223 | D:7      | Found Sibupug's Assorted Antiques.
  9321 | D:7      | Found an iron altar of Okawaru.
  9399 | D:7      | Found a broken altar of Ashenzari.
  9759 | D:8      | Found a snail-covered altar of Cheibriados.
  9825 | D:8      | Reached ** piety under Vehumet
  9825 | D:8      | Offered knowledge of Static Discharge by Vehumet.
 10454 | D:8      | Reached skill level 10 in Conjurations
 10973 | D:9      | Noticed a two-headed ogre
 10984 | D:9      | Killed a two-headed ogre
 10985 | D:9      | Reached XP level 11. HP: 68/68 MP: 6/15
 10991 | D:9      | Noticed a two-headed ogre
 11004 | D:10     | Entered Level 10 of the Dungeon
 11363 | D:9      | Noticed a cyclops
 11391 | D:9      | Killed a two-headed ogre
 11400 | D:9      | Reached skill level 11 in Conjurations
 11482 | D:9      | Killed a cyclops
 11482 | D:9      | Offered knowledge of Mephitic Cloud by Vehumet.
 11483 | D:9      | Reached skill level 10 in Fire Magic
 11738 | D:9      | Noticed a boulder beetle
 11753 | D:9      | Killed a boulder beetle
 11782 | D:9      | Identified the +5 flail "Faost" {flame, +Blink Str+3}
 11931 | D:9      | Noticed Prince Ribbit
 11935 | D:9      | Killed Prince Ribbit
 12127 | D:9      | Noticed a purple ugly thing
 12140 | D:9      | Killed a purple ugly thing
 12351 | D:9      | Found a stormy altar of Qazlal.
 12678 | D:10     | Found a staircase to the Lair.
 12802 | D:10     | Reached skill level 12 in Conjurations
 12804 | D:10     | Reached *** piety under Vehumet
 13050 | D:11     | Noticed a deep elf pyromancer
 13052 | D:11     | Noticed a boulder beetle
 13055 | D:11     | Killed a deep elf pyromancer
 13056 | D:11     | Reached XP level 12. HP: 76/76 MP: 16/16
 13081 | D:11     | Killed a boulder beetle
 13129 | D:11     | Noticed a two-headed ogre
 13470 | D:11     | Found a staircase to the Orcish Mines.
 13690 | D:11     | Reached skill level 10 in Fighting
 13777 | Orc:1    | Entered Level 1 of the Orcish Mines
 13781 | Orc:1    | Offered knowledge of Airstrike by Vehumet.
 13827 | Orc:1    | Found a runed translucent gate.
 13827 | Orc:1    | Found a runed translucent gate.
 13827 | Orc:1    | Found a runed translucent gate.
 13842 | Orc:1    | Noticed Aquy's ghost (journeyman MiFi)
 13843 | Orc:1    | Noticed Cocipsimp's ghost (journeyman VSWn)
 14151 | D:12     | Reached skill level 13 in Conjurations
 14360 | D:12     | Noticed a boulder beetle
 14379 | D:12     | Killed a boulder beetle
 14441 | D:12     | Identified the +1 robe "Appi" {Dex+2}
 14629 | D:12     | Reached **** piety under Vehumet
 14637 | D:12     | Offered knowledge of Fireball by Vehumet.
 14644 | D:12     | Learned a level 5 spell: Fireball
 15333 | Lair:1   | Entered Level 1 of the Lair of Beasts
 15773 | Lair:1   | Reached skill level 14 in Conjurations
 15970 | Lair:1   | Noticed Joseph
 15973 | Lair:1   | Killed Joseph
 16103 | Lair:1   | You are sucked into a shaft and drop 1 floor!
 16198 | Lair:1   | Noticed Maggie
 16201 | Lair:1   | Killed Maggie
 16202 | Lair:1   | Reached XP level 13. HP: 84/84 MP: 3/17
 16422 | Lair:2   | Found a hole to the Spider Nest.
 16445 | Lair:2   | Noticed Gastronok
 16452 | Lair:2   | HP: 3/84 [poisoned by a black mamba]
 16466 | Lair:2   | Slain by a wyvern

Illustrated notes

Levels and vault maps discovered:
D:1:      dpeg_arrival_radiant, layout_loops_ring
D:2:      layout_loops_ring, minmay_door_square, minmay_strange_pillars,
          minmay_misc_feat_pillars, chequers_serial_rivers_marsh,
          eino_tiny_chamber
D:3:      layout_loops_cross, lemuel_coloured_pillars_altar
D:4:      layout_basic, fedhas_altar_2, uniq_pargi, uniq_grinder
D:5:      cheibrodos_fzero, layout_loops_ring, lemuel_crystal_altar,
          nicolae_ossuary_entry_catacombs, minmay_misc_feat_alley,
          chequers_serial_rivers_room_b, uniq_pikel, uniq_blork_the_orc,
          uniq_sigmund, uniq_eustachio
D:6:      layout_rooms, nicolae_gozag_cash_rules_everything_around_me,
          nicolae_overflow_hidden_temple, serial_shops,
          nicolae_shop_back_alley_shop, grunt_ministairs_8
D:7:      layout_gridville, okawaru_humans, lemuel_tele_altar,
          minmay_temple_entry_statues, serial_shops, nicolae_lakefront_shop,
          enter_bailey_3
D:8:      layout_basic, pf_just_have_faith
D:9:      minmay_cut_squares, layout_basic, nicolae_qazlal_eye_of_the_storm,
          uniq_prince_ribbit1
D:10:     layout_basic, david_lair_generic
D:11:     layout_rooms, david_orc_1_choice, minmay_lindwurm_lava
D:12:     layout_grid_maze, kennysheep_flooded_box, evilmike_butchery
Temple:   hc_temple_tempest_star
Lair:1:   layout_roguey, minmay_hedge_maze, grunt_megastairs_3,
          serial_bayou_shore_b, uniq_joseph, uniq_maggie
Lair:2:   layout_regular_city, nicolae_spider_entry_non_spiders,
          eino_house_with_fridge, uniq_gastronok
Orc:1:    layout_caves, gammafunk_ghost_cemetery, basic_altar, roderic_batcave,
          minmay_orc_temple_c

Skill      XL: |  1  2  3  4  5  6  7  8  9 10 11 12 |
---------------+-------------------------------------+-----
Fighting       | 1 2 3 4 5 6 8 9 11 | 11.5
Conjurations   | 2 3 4 5 6 7 8 10 12 14 | 14.6
Fire Magic     | 4 5 6 7 8 9 10 12 | 12.8
Armour         | 1 3 5 7 |  7.0
Dodging        | 3 4 6 7 8 |  8.0
Stealth        | |  2.0
Spellcasting   | |  2.0

Action                     |  1- 3 |  4- 6 |  7- 9 | 10-12 | 13-15 || total
---------------------------+-------+-------+-------+-------+-------++-------
  Melee: Dagger            |    50 |    16 |   107 |    25 |       ||   198
         Unarmed           |     1 |       |       |       |       ||     1
         Peck              |    10 |     6 |    36 |    14 |     2 ||    68
         Kick              |    12 |    10 |    69 |    27 |     3 ||   121
         Staff             |       |    19 |    64 |    26 |     5 ||   114
         Punch             |       |       |     3 |     1 |       ||     4
   Cast: Foxfire           |    34 |    68 |   269 |   408 |       ||   779
         Scorch            |       |     2 |    51 |    97 |       ||   150
         Flame Wave        |       |       |       |    30 |     1 ||    31
         Fireball          |       |       |       |    38 |    11 ||    49
  Evoke: Wand              |       |       |       |     8 |       ||     8
    Use: Scroll            |       |       |    15 |    10 |       ||    25
         Potion            |       |       |       |       |     2 ||     2
   Stab: Sleeping          |       |     3 |     2 |     2 |       ||     7
 Armour: Robe              |     8 |     1 |       |       |       ||     9
         Troll leather arm |       |       |    38 |    34 |     2 ||    74
  Dodge: Dodged            |    31 |    34 |   240 |   279 |    12 ||   596
         Repelled          |       |       |       |     4 |       ||     4
  Block: Other             |       |       |       |    18 |     6 ||    24

Table legend: (Time is in decaauts)
 A = Elapsed time spent in this place.
 B = Non-inter-level travel time spent in this place.
 C = Inter-level travel time spent in this place.
 D = Time resting spent in this place.
 E = Time spent auto-exploring this place.
 F = Levels seen in this place.
 G = Mean time per level.
                   A        B        C        D        E       F      G
               +--------+--------+--------+--------+--------+-----+--------+
         Total |  15816 |  14885 |    931 |    155 |  11969 |  18 |  878.7 |
       Dungeon |  12432 |  11540 |    892 |    139 |   9333 |  12 | 1036.0 |
        Temple |     25 |      6 |     19 |      0 |      0 |   1 |   25.0 |
          Lair |   1015 |    997 |     18 |     16 |    846 |   2 |  507.5 |
  Orcish Mines |    147 |    147 |      0 |      0 |    102 |   1 |  147.0 |
       Ossuary |    871 |    871 |      0 |      0 |    612 |   1 |  871.0 |
        Bailey |   1324 |   1324 |      0 |      0 |   1074 |   1 | 1324.0 |
               +--------+--------+--------+--------+--------+-----+--------+

Top non-repeatable levels by time:
     D:5: 1448 daAuts
  Bailey: 1324 daAuts
     D:8: 1301 daAuts
     D:4: 1289 daAuts
    D:12: 1192 daAuts
     D:9: 1081 daAuts
     D:2: 1076 daAuts
    D:10: 1002 daAuts
 Ossuary: 871 daAuts
     D:1: 860 daAuts
     D:6: 859 daAuts
     D:3: 803 daAuts
    D:11: 763 daAuts
     D:7: 750 daAuts
  Lair:1: 673 daAuts
